 Dungeon Crawl Stone Soup version 0.27.0-1-g7a089689b8 (webtiles) character file.

Game seed: 1457417863701489794

100 gimp the Poker (level 4, -3/27 HPs)
             Began as a Tengu Warper on Aug 9, 2021.
             Slain by an orc wizard (4 damage)
             ... on level 3 of the Dungeon.
             The game lasted 00:04:25 (2549 turns).

gimp the Poker (Tengu Warper)                       Turns: 2549, Time: 00:04:25

Health: -3/27      AC:  3    Str:  9 (12) XL:     4   Next: 74%
Magic:  8/8        EV: 11    Int: 12 (13) God:
Gold:   45         SH:  3    Dex: 12 (14) Spells: 7/7 levels left

rFire    . . .     SeeInvis .   a - +0 spear
rCold    . . .     Faith    .   h - +0 buckler
rNeg     . . .     Spirit   .   b - +0 leather armour
rPois    .         Reflect  .   (helmet restricted)
rElec    .         Harm     .   (no cloak)
rCorr    +         Rampage  .   (no gloves)
Will     .....                  (boots unavailable)
Stlth    +.........             (no amulet)
HPRegen  0.09/turn              i - ring of resist corrosion
MPRegen  0.11/turn              (no ring)

@: no status effects
A: beak, talons 3
a: no special abilities


You were on level 3 of the Dungeon.
You visited 1 branch of the dungeon, and saw 3 of its levels.

You collected 45 gold pieces.

Inventory:

Hand Weapons
 a - a +0 spear (weapon)
Armour
 b - a +0 leather armour (worn)
 h - a +0 buckler (worn)
Magical Staves
 n - a staff of cold
Jewellery
 i - a ring of resist corrosion (left hand)
Wands
 m - a wand of digging (4)
Scrolls
 c - 2 scrolls of blinking
 e - a scroll of magic mapping {unknown}
 f - a scroll of vulnerability {unknown}
 g - a scroll of enchant weapon {unknown}
 l - a scroll of holy word {unknown}
Potions
 k - a potion of attraction


   Skills:
 + Level 2.9 Fighting
 * Level 4.0 Polearms
 - Level 1.0 Throwing
 - Level 1.9 Armour
 - Level 2.1 Dodging
 + Level 1.1 Shields
 - Level 2.0 Spellcasting
 - Level 2.4 Translocations


You had 7 spell levels left.
You didn't know any spells.
Your spell library contained the following spells:

 Spells                   Type           Power      Damage    Failure   Level
 Blink                    Tloc           N/A        N/A       30%         2
 Gell's Gravitas          Tloc           3%         N/A       52%         3
 Lesser Beckoning         Tloc           3%         N/A       52%         3
 Teleport Other           Tloc           6%         N/A       52%         3
 Manifold Assault         Tloc           6%         N/A       99%         5


Dungeon Overview and Level Annotations

Branches:
Dungeon (3/15)

Altars:
Uskayaw

Shops:
D:2 =   D:3 =


Innate Abilities, Weirdness & Mutations

You have a beak for a mouth.
You have claws for feet.


Message History

The orc hits you with a +0 club.
You hit the orc. Your kick misses the orc.
The orc is severely wounded.
The orc barely misses you.
You hit the orc but do no damage.
The orc is severely wounded.
The orc hits you with a +0 club.
You take 3 damage, and have 14/27 hp.
You hit the orc but do no damage. Your kick misses the orc.
The orc is severely wounded.
The orc closely misses you.
You hit the orc.
You kill the orc!
Something you can't see is in the way.
You miss something.
You hear some strange, mumbled words.
A magic dart appears from out of thin air!
The magic dart hits you!
* * * LOW HITPOINT WARNING * * *
You take 8 damage, and have 6/27 hp.
MASSIVE DAMAGE!!
It was a potion of attraction.
You feel attractive to monsters. Something hits you.
* * * LOW HITPOINT WARNING * * *
You take 2 damage, and have 4/27 hp.
It was a potion of cancellation.
Your magical effects are unravelling.
You feel magically purged. Something hits you.
* * * LOW HITPOINT WARNING * * *
You feel less attractive to monsters.
You take 2 damage, and have 2/27 hp.
It was a potion of degeneration.
There was something very wrong with that liquid.
You feel weakened.
You feel dopey.
You feel clumsy.
The orc priest looks encouraged for a moment.
Something hits you.
* * * LOW HITPOINT WARNING * * *
You take 1 damage, and have 1/27 hp.
You hit something but do no damage. Your kick misses something.
Something hits you.
You die...

$_.$+.# # ...#.
#. $..#. ..#
### .. ...
.###.##.#
......)o# #{#
#@#..# #.##.# #
#.##.# # #.##.#
# #.##.# #
#.##.# # #.##.#
# #.##.## #
#.#...#########
#


You could see an orc priest.

Vanquished Creatures
  4 adders (D:2)
  3 worms
  6 orcs
  5 ball pythons
  5 bats
  3 endoplasms
  3 giant cockroaches (D:2)
  3 goblins (D:2)
  2 hobgoblins (D:2)
  5 jackals (D:2)
  A quokka (D:2)
  3 frilled lizards
  A kobold (D:2)
  3 rats (D:2)
47 creatures vanquished.

Notes
Turn   | Place    | Note
-------+----------+-------------------------------------------
     0 | D:1      | gimp the Tengu Warper began the quest for the Orb.
     0 | D:1      | Reached XP level 1. HP: 12/12 MP: 4/4
   235 | D:1      | Reached XP level 2. HP: 17/17 MP: 6/6
   285 | D:1      | You fall into a shaft and drop 1 floor!
   592 | D:2      | Reached skill level 3 in Polearms
   602 | D:2      | Reached XP level 3. HP: 19/22 MP: 7/7
   794 | D:2      | Found Balilul's Jewellery Emporium.
  1105 | D:2      | Reached XP level 4. HP: 12/27 MP: 8/8
  2186 | D:2      | Reached skill level 1 in Shields
  2349 | D:3      | Found Ysepasigg's Jewellery Shoppe.
  2369 | D:2      | Reached skill level 4 in Polearms
  2528 | D:3      | Found a hide-covered altar of Uskayaw.
  2548 | D:3      | HP: 1/27 [something (1)]
  2549 | D:3      | Slain by an orc wizard

Illustrated notes

Levels and vault maps discovered:
D:1:      heliophobic_arrival_glass_houses, layout_loops_ring,
          shapermc_ecumenical_altar_petra, minmay_misc_feat_nine_boxes,
          lemuel_flame_loot_1
D:2:      layout_basic, serial_shops, shop, minivault_5
D:3:      layout_loops_ring, amcnicky_altar_gilded, trog_book, serial_shops,
          shop, corexii_shack, uniq_robin, uniq_jessica, uniq_natasha

Skill      XL: |  1  2  3  4 |
---------------+-------------+-----
Polearms       | 3 4 |  4.0
Shields        | 1 |  1.1
Fighting       | |  2.9
Throwing       | |  1.0
Armour         | |  1.9
Dodging        | |  2.1
Spellcasting   | |  2.0
Translocations | |  2.4

Action                   |  1- 3 |  4- 6 || total
-------------------------+-------+-------++-------
Melee: Spear             |   104 |    64 ||   168
       Kick              |    12 |     9 ||    21
       Peck              |     7 |     6 ||    13
Throw: Boomerang         |       |     5 ||     5
  Use: Potion            |       |     4 ||     4
 Stab: Sleeping          |     5 |     1 ||     6
Armor: Leather armour    |    26 |    10 ||    36
Dodge: Dodged            |    30 |    19 ||    49
Block: Buckler           |     2 |     7 ||     9
